 Dungeon Crawl Stone Soup version 0.21.1 (webtiles) character file.

198 tidbits the Charmwright (level 5, 20/43 HPs)
             Began as a Gnoll Skald on Feb 2, 2018.
             Quit the game on level 5 of the Dungeon.
             The game lasted 00:07:35 (957 turns).

tidbits the Charmwright (Gnoll Skald)                Turns: 957, Time: 00:07:36

Health: 20/43      AC:  3    Str: 13    XL:     5   Next: 76%
Magic:  10/12      EV: 14    Int: 17    God:
Gold:   52         SH:  0    Dex: 14    Spells: 3/14 levels left

rFire    . . .     SeeInvis .   a - +0 war axe
rCold    . . .     Gourm    .   (no shield)
rNeg     . . .     Faith    .   b - +0 leather armour
rPois    .         Spirit   .   (no helmet)
rElec    .         Reflect  .   (no cloak)
rCorr    .         Harm     .   (no gloves)
MR       .....                  (no boots)
Stlth    ++........             (no amulet)
HPRegen  0.14/turn              (no ring)
MPRegen  0.13/turn              (no ring)

@: marked
A: distributed training, fangs 1, strong nose
a: no special abilities


You were on level 5 of the Dungeon.
You were hungry.

You visited 1 branch of the dungeon, and saw 5 of its levels.
You also visited: Sewer.

You collected 52 gold pieces.

Inventory:

Hand Weapons
 a - a +0 war axe (weapon)
 e - a cursed -1 dagger
 h - a +0 hand axe
 k - a +0 hunting sling
 o - a +2 flail of crushing
   (You took it off an orc on level 3 of the Dungeon)
Armour
 b - a +0 leather armour (worn)
 i - a +0 shield
 p - a +0 ring mail
Scrolls
 f - a scroll of blinking {unknown}
 g - a scroll of random uselessness {unknown}
 l - a scroll of enchant armour
 m - 2 scrolls of remove curse
 n - 2 scrolls of teleportation
Potions
 j - 2 potions of heal wounds
 q - a potion of invisibility
Books
 c - a book of Battle

   Spells                             Type                      Level
   a - Infusion                       Charms                       1
   b - Shroud of Golubria             Charms/Translocation         2
   c - Song of Slaying                Charms                       2
   d - Spectral Weapon                Hexes/Charms                 3
   e - Regeneration                   Charms/Necromancy            3
Comestibles
 d - 2 rations


   Skills:
 + Level 4.8 Fighting
 + Level 1.6 Short Blades
 + Level 1.6 Long Blades
 + Level 4.8 Axes
 + Level 1.6 Maces & Flails
 + Level 1.6 Polearms
 + Level 1.6 Staves
 + Level 1.6 Slings
 + Level 1.6 Bows
 + Level 1.6 Crossbows
 + Level 1.6 Throwing
 + Level 3.0 Armour
 + Level 4.8 Dodging
 + Level 1.6 Stealth
 + Level 1.6 Shields
 + Level 1.6 Unarmed Combat
 + Level 5.2 Spellcasting
 + Level 1.2 Conjurations
 + Level 1.2 Hexes
 + Level 5.5 Charms
 + Level 1.2 Summonings
 + Level 1.2 Necromancy
 + Level 1.2 Translocations
 + Level 1.2 Transmutations
 + Level 1.2 Fire Magic
 + Level 1.2 Ice Magic
 + Level 1.2 Air Magic
 + Level 1.2 Earth Magic
 + Level 1.2 Poison Magic
 + Level 1.8 Invocations
 + Level 1.6 Evocations


You had 3 spell levels left.
You knew the following spells:

 Your Spells              Type           Power        Failure   Level  Hunger
g - Shroud of Golubria    Chrm/Tloc      ###.......   6%          2    #......
i - Infusion              Chrm           ###.         1%          1    None
r - Regeneration          Chrm/Necr      ###.......   13%         3    ###....
w - Spectral Weapon       Hex/Chrm       ###.....     13%         3    ###....
y - Song of Slaying       Chrm           ###.....     2%          2    #......


Dungeon Overview and Level Annotations

Branches:
Dungeon (5/15)
 Temple: D:4-7

Altars:

Annotations:
D:5 Sigmund


Innate Abilities, Weirdness & Mutations

Your experience applies equally to all skills.
You have very sharp teeth.
Your uncanny sense of smell can sniff out nearby items.


Message History

Moving in this stuff is going to be slow.
Found 16 stones.
Found a gate leading back out of this place.
You enter the shallow water.
Moving in this stuff is going to be slow.
You enter the shallow water.
Moving in this stuff is going to be slow.
There is a gate leading back out of this place here.
Welcome back to the Dungeon!
There is a collapsed entrance here.
Unknown command.
You enter the shallow water.
Moving in this stuff is going to be slow.
Your magical contamination has completely faded away.
You enter the shallow water.
Moving in this stuff is going to be slow.
You see here a leopard gecko skeleton.
You enter the shallow water.
Moving in this stuff is going to be slow.
You enter the shallow water.
Moving in this stuff is going to be slow.
You enter the shallow water.
Moving in this stuff is going to be slow.
You enter the shallow water.
Moving in this stuff is going to be slow.
You see here a river rat skeleton.
You enter the shallow water.
Moving in this stuff is going to be slow.
You enter the shallow water.
Moving in this stuff is going to be slow.
You enter the shallow water.
Moving in this stuff is going to be slow.
You see here a rat skeleton.
Found a stone staircase leading down.
Found a bubbling inky potion.
There is a stone staircase leading down here.
Found a whip.
You see here a bubbling inky potion.
q - a bubbling inky potion
There is a stone staircase leading down here.
You climb downwards.
Found a dire flail.
There is a stone staircase leading up here.
Unknown command.
Okay, then.
Found a scroll of identify.
A bullfrog zombie comes into view.
You see here a scroll of identify.
As you read the scroll of identify, it crumbles to dust.
q - a potion of invisibility You are feeling hungry.
Casting: Spectral Weapon
Confirm with . or Enter, or press ? or * to list all spells.
You draw out your weapon's spirit!
The bullfrog zombie closely misses you.
You slash the bullfrog zombie!
The bullfrog zombie is moderately damaged.
Your spectral weapon barely misses the bullfrog zombie.
The bullfrog zombie closely misses you.
You barely miss the bullfrog zombie.
The bullfrog zombie is moderately damaged.
Your spectral weapon hits the bullfrog zombie.
The bullfrog zombie closely misses you.
The bullfrog zombie hits you but does no damage.
You hit the bullfrog zombie.
The bullfrog zombie is heavily damaged.
Your spectral weapon hits the bullfrog zombie!
The bullfrog zombie hits you. x2
You closely miss the bullfrog zombie.
The bullfrog zombie is almost destroyed.
Your spectral weapon barely misses the bullfrog zombie.
The bullfrog zombie misses you.
You slash the bullfrog zombie!
You destroy the bullfrog zombie!
Found a hand axe.
Your spectral weapon fades away.
The alarm trap emits a blaring wail!
A sentinel's mark forms upon you.
You hear a shout! x4
As you open the door, it creaks loudly!
An orc comes into view. It is wielding a dagger.
There is an open door here.
Casting: Spectral Weapon
Confirm with . or Enter, or press ? or * to list all spells.
You draw out your weapon's spirit!
The orc hits you but does no damage.
You hit the orc but do no damage.
Your spectral weapon hits the orc!
You kill the orc!
Things that are here:
a dagger; a ring mail; an orc corpse Sigmund the Dreaded comes into view.
He is wielding a scythe.
Sigmund smiles chillingly.
Sigmund casts a spell.
Sigmund flickers and vanishes!
Something hits you.
You closely miss something. Something hits you!
You miss something. Something hits you!
* * * LOW HITPOINT WARNING * * *
An adder skeleton comes into view.
Are you sure you want to abandon this character and quit the game? (Confirm with "yes".)

∆ ..# Z. ####'### ...
#......# .... ..
#.≈≈≈≈.# ... #.#
#.≈≈≈≈.# ... #.#
#{≈≈≈≈.# #.# #.#
#@≈≈≈≈.# #.# #Z#
#(≈≈≈≈.#
#####.###.#####.≈≈≈≈.#
#........)....#.≈≈≈≈.#
#.#.......#####.≈≈≈≈.#
#.<...........#.≈≈≈≈.#
#.#............#.≈≈≈≈.#
##.........###.#)≈≈≈≈.#
.........#.##..#.≈≈≈≈.#


You could see an adder skeleton and a friendly spectral war axe.

Vanquished Creatures
  A bullfrog zombie (D:5)
  Natasha (D:2)
  The ghost of letownia2 the Charlatan, a weakling FoAr (D:3)
  3 adders
  2 river rats
  A shadow imp (D:3)
  2 oozes
  A worm (D:3)
  2 dart slugs (D:1)
  3 leopard geckos (D:4)
  5 orcs
  3 ball pythons (Sewer)
  A giant cockroach (D:4)
  3 goblins
  4 hobgoblins
  A quokka (D:3)
  5 frilled lizards
  6 kobolds
  13 rats
58 creatures vanquished.

Notes
Turn   | Place    | Note
-------+----------+-------------------------------------------
     0 | D:1      | tidbits the Gnoll Skald began the quest for the Orb.
     0 | D:1      | Reached XP level 1. HP: 20/20 MP: 6/6
    90 | D:2      | Reached XP level 2. HP: 20/26 MP: 4/7
   116 | D:2      | Noticed Natasha
   124 | D:2      | Killed Natasha
   124 | D:2      | Reached skill level 5 in Spellcasting
   124 | D:2      | Reached XP level 3. HP: 15/31 MP: 3/9
   129 | D:2      | Learned a level 2 spell: Song of Slaying
   132 | D:2      | Learned a level 2 spell: Shroud of Golubria
   136 | D:2      | Learned a level 3 spell: Regeneration
   140 | D:2      | Learned a level 3 spell: Spectral Weapon
   215 | D:1      | Reached skill level 1 in Invocations
   322 | D:3      | Reached skill level 1 in Short Blades
   322 | D:3      | Reached skill level 1 in Long Blades
   322 | D:3      | Reached skill level 1 in Maces & Flails
   322 | D:3      | Reached skill level 1 in Polearms
   322 | D:3      | Reached skill level 1 in Staves
   322 | D:3      | Reached skill level 1 in Slings
   322 | D:3      | Reached skill level 1 in Bows
   322 | D:3      | Reached skill level 1 in Crossbows
   322 | D:3      | Reached skill level 1 in Throwing
   322 | D:3      | Reached skill level 1 in Stealth
   322 | D:3      | Reached skill level 1 in Shields
   322 | D:3      | Reached skill level 1 in Unarmed Combat
   322 | D:3      | Reached skill level 1 in Evocations
   344 | D:3      | Noticed letownia2's ghost (weakling FoAr)
   348 | D:3      | Reached XP level 4. HP: 30/38 MP: 0/11
   355 | D:3      | Killed letownia2's ghost
   428 | D:3      | Reached skill level 1 in Conjurations
   428 | D:3      | Reached skill level 1 in Hexes
   428 | D:3      | Reached skill level 1 in Summonings
   428 | D:3      | Reached skill level 1 in Necromancy
   428 | D:3      | Reached skill level 1 in Translocations
   428 | D:3      | Reached skill level 1 in Transmutations
   428 | D:3      | Reached skill level 1 in Fire Magic
   428 | D:3      | Reached skill level 1 in Ice Magic
   428 | D:3      | Reached skill level 1 in Air Magic
   428 | D:3      | Reached skill level 1 in Earth Magic
   428 | D:3      | Reached skill level 1 in Poison Magic
   620 | D:4      | Reached XP level 5. HP: 43/43 MP: 12/12
   687 | D:4      | Found a glowing drain.
   691 | Sewer    | Entered a sewer
   767 | Sewer    | Reached skill level 3 in Armour
   906 | D:5      | Entered Level 5 of the Dungeon
   951 | D:5      | Noticed Sigmund
   957 | D:5      | Quit the game

Skill      XL: |  1  2  3  4  5 |
---------------+----------------+-----
Spellcasting   | 5 |  5.2
Invocations    | 1 |  1.8
Short Blades   | 1 |  1.6
Long Blades    | 1 |  1.6
Maces & Flails | 1 |  1.6
Polearms       | 1 |  1.6
Staves         | 1 |  1.6
Slings         | 1 |  1.6
Bows           | 1 |  1.6
Crossbows      | 1 |  1.6
Throwing       | 1 |  1.6
Stealth        | 1 |  1.6
Shields        | 1 |  1.6
Unarmed Combat | 1 |  1.6
Evocations     | 1 |  1.6
Conjurations   | 1 |  1.2
Hexes          | 1 |  1.2
Summonings     | 1 |  1.2
Necromancy     | 1 |  1.2
Translocations | 1 |  1.2
Transmutations | 1 |  1.2
Fire Magic     | 1 |  1.2
Ice Magic      | 1 |  1.2
Air Magic      | 1 |  1.2
Earth Magic    | 1 |  1.2
Poison Magic   | 1 |  1.2
Armour         | 3 |  3.0
Fighting       | |  4.8
Axes           | |  4.8
Dodging        | |  4.8
Charms         | |  5.5

Action                   |  1- 3 |  4- 6 || total
-------------------------+-------+-------++-------
Melee: Hand axe          |     6 |       ||     6
       War axe           |    35 |    66 ||   101
       Bite              |     5 |     2 ||     7
       Punch             |       |     1 ||     1
 Cast: Infusion          |     4 |     2 ||     6
       Spectral Weapon   |     4 |     9 ||    13
       Regeneration      |     1 |       ||     1
       Shroud of Golubri |     1 |       ||     1
  Use: Scroll            |       |     5 ||     5
       Potion            |       |     2 ||     2
 Stab: Sleeping          |     1 |     1 ||     2
       Distracted        |     1 |       ||     1
  Eat: Chunk             |       |     1 ||     1
Armor: Leather armour    |     5 |    10 ||    15
Dodge: Dodged            |    28 |    51 ||    79

Table legend:
 A = Turns spent in this place as a percentage of turns spent in the entire game.
 B = Non-inter-level travel turns spent in this place as a percentage of non-inter-level travel turns spent in the entire game.
 C = Inter-level travel turns spent in this place as a percentage of turns spent in this place.
 D = Turns resting spent in this place as a percentage of non-inter-level travel turns spent in this place.
 E = Turns spent auto-exploring this place as a percentage of non-inter-level travel turns spent in this place.
 F = Non-inter-level travel turns spent in this place divided by the number of levels of this place that you've seen.
                   A       B       C       D       E      F
               +-------+-------+-------+-------+-------+----------------------
         Total | 100.0 | 100.0 |   4.8 |   0.0 |   0.0 | 151.8
       Dungeon |  84.6 |  83.9 |   5.7 |   0.0 |   0.0 | 152.8
         Sewer |  15.4 |  16.1 |   0.0 |   0.0 |   0.0 | 147.0
               +-------+-------+-------+-------+-------+----------------------

Table legend:
 A = Kills in this place as a percentage of kills in entire the game.
 B = Kills by you in this place as a percentage of kills by you in the entire game.
 C = Kills by friends in this place as a percentage of kills by friends in the entire game.
 D = Other kills in this place as a percentage of other kills in the entire game.
 E = Experience gained in this place as a percentage of experience gained in the entire game.
 F = Experience gained in this place divided by the number of levels of this place that you have seen.
                   A       B       C       D       E      F
               +-------+-------+-------+-------+-------+----------------------
         Total | 100.0 | 100.0 |   N/A |   N/A | 100.0 |  47.2
       Dungeon |  74.1 |  74.1 |   N/A |   N/A |  84.8 |  48.0
         Sewer |  25.9 |  25.9 |   N/A |   N/A |  15.2 |  43.0
               +-------+-------+-------+-------+-------+----------------------

Vault maps used:
D:1:      giann_bridges
D:2:      grunt_temple_overflow_open, gammafunk_temple_overflow_pools,
          first_ration, hex_intersection, uniq_crazy_yiuf_cottage, uniq_natasha
D:3:      uniq_purgy
D:4:      gup_sewer_entry_spiral, uniq_pikel
D:5:      black_bear_nest_2, minmay_temple_entry_nine_rooms,
          nrook_pool_corridor, uniq_edmund, uniq_sigmund
Sewer:    sewer_co_cracked_pipes
